 Dungeon Sprint DCSS version 0.30-a0-118-ga018f8e90f (webtiles) character file.

Game seed: 10525070876724463555

16 mhtbhm the Digger (level 2, -9/15 HPs)
             Began as a Deep Elf Earth Elementalist on Sept 14, 2022.
             Was a Priest of Vehumet.
             Mangled by a wolf (10 damage)
             ... in the Dungeon (Sprint VII: "The Pits").
             The game lasted 00:01:52 (308 turns).

mhtbhm the Digger (Deep Elf Earth Elementalist)      Turns: 308, Time: 00:01:52

Health: -9/15      AC:  2    Str:  5    XL:     2   Next: 37%
Magic:  5/9        EV: 13    Int: 19    God:    Vehumet [***...]
Gold:   0          SH:  0    Dex: 15    Spells: 8/9 levels left

rFire   . . .      SeeInvis .    k - +1 quarterstaff (speed)
rCold   . . .      Faith    .    (shield currently unavailable)
rNeg    . . .      Spirit   .    a - +0 robe
rPois   .          Reflect  .    (no helmet)
rElec   .          Harm     .    (no cloak)
rCorr   .          Rampage  .    (no gloves)
Will    .....      NoTele   +    (no boots)
Stlth   ++........               (no amulet)
HPRegen 0.05/turn                (no ring)
MPRegen 0.11/turn                (no ring)

@: no status effects
A: no striking features
a: Renounce Religion


You were in the Dungeon.
You worshipped Vehumet.
Vehumet was most pleased with you.
You visited 1 branch

Inventory:

Hand Weapons
 k - a +1 quarterstaff of speed (weapon)
Armour
 a - a +0 robe (worn)
Scrolls
 g - a scroll of blinking
 i - 5 scrolls of amnesia
 j - a scroll of summoning
Potions
 b - 5 potions of magic
 c - 6 potions of curing
 d - 5 potions of heal wounds
 e - a potion of haste
 f - 3 potions of berserk rage
 h - 2 potions of invisibility


   Skills:
 + Level 3.0 Dodging
 + Level 3.0 Stealth
 + Level 4.4 Spellcasting
 + Level 1.5 Transmutations
 + Level 5.1 Earth Magic


You had 8 spell levels left.
You knew the following spells:

 Your Spells              Type           Power      Damage    Failure   Level
a - Sandblast             Erth           46%        2d11      1%          1

Your spell library contained the following spells:

 Spells                   Type           Power      Damage    Failure   Level
 Magic Dart               Conj           16%        1d3       3%          1
 Stone Arrow              Conj/Erth      26%        3d8       4%          3
 Passwall                 Tmut/Erth      13%        N/A       5%          2
 Petrify                  Tmut/Erth      16%        N/A       34%         4


Dungeon Overview and Level Annotations

Branches:
Dungeon (1/1)

Altars:
Ashenzari
Cheibriados
Dithmenos
Elyvilon
Fedhas
Gozag
Hepliaklqana
Kikubaaqudgha
Makhleb
Nemelex Xobeh
Okawaru
Qazlal
Ru
Sif Muna
Trog
Uskayaw
Vehumet
Wu Jian
Xom
Yredelemnul
Zin
The Shining One
Jiyva
Lugonu


Message History

The wolf bites you. x2
* * * LOW HITPOINT WARNING * * *
Unknown command.
You feel much better. The wolf closely misses you. The wolf barely misses you.
Casting: Sandblast (safe; 1% risk of failure)
Confirm with . or Enter, or press ? or * to list all spells.
Aiming: Sandblast (safe; 1% risk of failure)
Press: ? - help, Shift-Dir - straight line, f/p - wolf
Aim: a wolf (lightly wounded, 72% to hit)
The blast of sand hits the wolf but does no damage.
The wolf is lightly wounded.
The wolf misses you.
The wolf stops to sniff the ground.
The wolf barely misses you. The wolf misses you.
Unknown command.
Casting: Sandblast (safe; 1% risk of failure)
Confirm with . or Enter, or press ? or * to list all spells.
Aiming: Sandblast (safe; 1% risk of failure)
Press: ? - help, Shift-Dir - straight line, f/p - wolf
Aim: a wolf (lightly wounded, 72% to hit)
The blast of sand hits the wolf.
The wolf is moderately wounded.
The wolf bites you!
Ouch! That really hurt!
The wolf closely misses you.
A floating eye comes into view.
Unknown command.
Casting: Sandblast (safe; 1% risk of failure)
Confirm with . or Enter, or press ? or * to list all spells.
Aiming: Sandblast (safe; 1% risk of failure)
Press: ? - help, Shift-Dir - straight line, f/p - wolf
Aim: a wolf (moderately wounded, 72% to hit)
The blast of sand hits the wolf.
The wolf is heavily wounded.
The floating eye turns its gaze towards you.
The wolf bites you.
* * * LOW HITPOINT WARNING * * *
The wolf bites you!
Ouch! That really hurt!
You die...

#'#####†#####.....
#.#..#..#[[##.....
#.#..'..#))#####'#
#.#..####))##.....
#.#..#..#))##.....
#.#..#..#..##.....
#.##†#..#'###...<.
#.#..†.....##.....
#@#........##.....
#h###########.....


#Sr ###### #n.. #...# #.##G #.. #. #.. .. You could see a water moccasin, a
necrophage, a wolf, a floating eye and a quokka.

Vanquished Creatures
  An adder skeleton (D)
  A bat (D)
  An endoplasm (D)
  A hobgoblin (D)
  3 jackals (D)
  A quokka (D)
  A ball python zombie (D)
  A frilled lizard (D)
  2 rats (D)
12 creatures vanquished.

Notes
Turn   | Place    | Note
-------+----------+-------------------------------------------
     0 | D        | mhtbhm the Deep Elf Earth Elementalist began the quest for
                  | the Orb.
     0 | D        | Reached XP level 1. HP: 10/10 MP: 6/6
    17 | D        | Found a bloodstained altar of Trog.
    17 | D        | Found a shimmering blue altar of Sif Muna.
    17 | D        | Found a viscous altar of Jiyva.
    17 | D        | Found a hazy altar of Hepliaklqana.
    17 | D        | Found an opulent altar of Gozag.
    18 | D        | Found a glowing golden altar of the Shining One.
    18 | D        | Found a glowing silver altar of Zin.
    18 | D        | Found a basalt altar of Yredelemnul.
    18 | D        | Found a shimmering altar of Xom.
    18 | D        | Found an ornate altar of the Wu Jian Council.
    18 | D        | Found a sacrificial altar of Ru.
    18 | D        | Found a stormy altar of Qazlal.
    18 | D        | Found an iron altar of Okawaru.
    18 | D        | Found a sparkling altar of Nemelex Xobeh.
    18 | D        | Found a burning altar of Makhleb.
    18 | D        | Found a blossoming altar of Fedhas.
    18 | D        | Found a white marble altar of Elyvilon.
    18 | D        | Found a shadowy altar of Dithmenos.
    18 | D        | Found a snail-covered altar of Cheibriados.
    20 | D        | Found a radiant altar of Vehumet.
    20 | D        | Found a corrupted altar of Lugonu.
    21 | D        | Found a hide-covered altar of Uskayaw.
    21 | D        | Found an ancient bone altar of Kikubaaqudgha.
    21 | D        | Found a broken altar of Ashenzari.
    31 | D        | Became a worshipper of Vehumet
   103 | D        | Reached skill level 4 in Earth Magic
   146 | D        | Reached * piety under Vehumet
   146 | D        | Offered knowledge of Magic Dart by Vehumet.
   177 | D        | Reached ** piety under Vehumet
   183 | D        | Reached XP level 2. HP: 15/15 MP: 6/9
   186 | D        | Reached *** piety under Vehumet
   188 | D        | Reached skill level 5 in Earth Magic
   296 | D        | Noticed a wolf
   301 | D        | Noticed a warg
   301 | D        | Noticed a necrophage
   303 | D        | Noticed a water moccasin
   307 | D        | Noticed a floating eye
   308 | D        | Mangled by a wolf

Illustrated notes

Levels and vault maps discovered:
D:        pitsprint [storerooms_1, entrance_room_1, metal_vault_3, armoury_2,
          mini_pit_1, grid_room_1, main_hall_1, silver_pit, the_coven_2,
          the_vestibule_1, steel_vault_3, golden_pit, hallway_of_sentries,
          crystal_vault_2, iron_vault_2, final_vault]

Skill      XL: |  1  2 |
---------------+-------+-----
Earth Magic    | 4 5 |  5.1
Spellcasting   | 4 |  4.4
Dodging        | 3 |  3.0
Stealth        | 3 |  3.0
Transmutations | |  1.5

Action                   || total
-------------------------++-------
Melee: Quarterstaff      ||     1
 Cast: Sandblast         ||    21
  Use: Potion            ||     1
Armor: Robe              ||     1
Dodge: Dodged            ||    10

Table legend: (Time is in decaauts)
 A = Elapsed time spent in this place.
 B = Non-inter-level travel time spent in this place.
 C = Inter-level travel time spent in this place.
 D = Time resting spent in this place.
 E = Time spent auto-exploring this place.
 F = Levels seen in this place.
 G = Mean time per level.
                   A        B        C        D        E       F      G
               +--------+--------+--------+--------+--------+-----+--------+
         Total |    317 |    317 |      0 |    129 |     29 |   1 |  317.0 |
       Dungeon |    317 |    317 |      0 |    129 |     29 |   1 |  317.0 |
               +--------+--------+--------+--------+--------+-----+--------+

Top non-repeatable levels by time:
       D: 317 daAuts
